 Dungeon Crawl Stone Soup version 0.22.0 (webtiles) character file.

1500 inmateoo the Skirmisher (level 8, -2/67 HPs)
             Began as a Mummy Hunter on Aug 11, 2018.
             Slain by an ogre
             ... wielding a +0 giant spiked club
              (17 damage)
             ... on level 7 of the Dungeon.
             The game lasted 00:08:38 (7183 turns).

inmateoo the Skirmisher (Mummy Hunter)              Turns: 7183, Time: 00:08:39

Health: -2/67      AC: 10    Str: 18    XL:     8   Next: 52%
Magic:  19/19      EV:  5    Int: 10    God:
Gold:   290        SH:  0    Dex: 12    Spells: 7/7 levels left

rFire    x . .     SeeInvis .   e - +2 trident (venom)
rCold    + . .     Gourm    .   (no shield)
rNeg     + + +     Faith    .   j - +0 plate armour
rPois    ∞         Spirit   .   (no helmet)
rElec    .         Reflect  .   (no cloak)
rCorr    .         Harm     .   (no gloves)
MR       +....                  (no boots)
Stlth    ..........             (no amulet)
HPRegen  0.21/turn              b - ring of wizardry
MPRegen  0.16/turn              l - ring of magical power

@: no status effects
A: no food or potions, fire vulnerability, cold resistance 1, negative energy
resistance 3, torment resistance, unbreathing
a: no special abilities


You were on level 7 of the Dungeon.
You were not hungry.

You visited 1 branch of the dungeon, and saw 7 of its levels.

You collected 290 gold pieces.

Inventory:

Hand Weapons
 e - a +2 trident of venom (weapon)
 m - a +0 hand axe of draining
Missiles
 c - 11 javelins
 d - a throwing net (quivered)
Armour
 j - a +0 plate armour (worn)
Magical Staves
 g - an uncursed staff of death
Jewellery
 b - a ring of wizardry (left hand)
 l - a ring of magical power (right hand)
Wands
 h - a wand of enslavement (12)
 k - a wand of polymorph (10)
Scrolls
 a - a scroll of blinking
 f - 3 scrolls of identify
 i - a scroll of magic mapping
 n - a scroll of fear
 o - a scroll of remove curse


   Skills:
 + Level 7.1 Fighting
 - Level 2.0(3.9) Axes
 * Level 5.3(5.5) Polearms
 - Level 3.2 Throwing
 - Level 1.5 Dodging
 - Level 0.7 Stealth
 - Level 3.0 Evocations


You had 7 spell levels left.
You didn't know any spells.
Your spell library contained the following spells:

 Spells                   Type           Power        Failure   Level  Hunger
 Conjure Flame            Conj/Fire      #.......     100%        3    N/A
 Mephitic Cloud           Conj/Pois/Air  #.......     100%        3    N/A
 Summon Small Mammal      Summ           #...         100%        1    N/A
 Summon Ice Beast         Ice/Summ       #.......     100%        4    N/A
 Call Imp                 Summ           #.......     100%        2    N/A
 Flame Tongue             Conj/Fire      #....        100%        1    N/A
 Call Canine Familiar     Summ           #.......     100%        3    N/A
 Conjure Ball Lightning   Conj/Air       #.........   100%        6    N/A
 Summon Lightning Spire   Summ/Air       #.......     100%        4    N/A
 Summon Guardian Golem    Hex/Summ       #.......     100%        3    N/A
 Poisonous Vapours        Pois/Air       #.....       100%        2    N/A

Dungeon Overview and Level Annotations

Branches:
Dungeon (6/15)
 Temple: D:4-7

Altars:
Ashenzari
Elyvilon
Kikubaaqudgha
Qazlal
Ru
The Shining One

Annotations:
D:4 Dowan, Duvessa, Pikel
D:5 1 runed door, exclusion: 2 doors, Oddysee's ghost, novice MiFi


Innate Abilities, Weirdness & Mutations

You do not eat or drink.
Your flesh is vulnerable to fire.
You are immune to poison.
Your flesh is cold resistant. (rC+)
You are immune to negative energy. (rN+++)
You are immune to unholy pain and torment.
You can survive without breathing.


Message History

Evoke which item? (* to show all) (? for menu, Esc to quit)
Okay, then.
Your plate armour prevents you from hitting the ogre.
The ogre is moderately wounded.
The ogre hits you with a giant spiked club!
* * * LOW HITPOINT WARNING * * *
Unknown command.
The ogre looks more healthy.
Evoke which item? (* to show all) (? for menu, Esc to quit)
Aiming: Polymorph
Press: ? - help, Shift-Dir - straight line, f - ogre
Aim: an ogre, wielding a giant spiked club (moderately wounded, chance to defeat MR: 54%)
Okay, then.
Evoke which item? (* to show all) (? for menu, Esc to quit)
Aiming: Enslavement
Press: ? - help, Shift-Dir - straight line, f - ogre
Aim: an ogre, wielding a giant spiked club (moderately wounded, chance to defeat MR: 54%)
The ogre resists with significant effort.
The ogre hits you with a giant spiked club!
You die...

#.##.##
#..#.# ##.#.#
####....#
##.......#
#...#...##
#...##.##
####...##O#
##.......@.#
#.....!....#
#..........#
....##...##.#
##.. #...##.#
#. #...##.# #
##.###.# ..#
.# ###


You could see an ogre.

Vanquished Creatures
  Grinder (D:6)
  A hungry ghost (D:7)
  4 ogres
  A centaur (D:5)
  2 bullfrogs
  A wyvern zombie (D:5)
  4 scorpions
  2 crimson imps (D:5)
  An orc wizard (D:5)
  2 orc priests (D:4)
  Natasha (twice) (D:3)
  An iguana (D:4)
  2 worker ants (D:4)
  3 adders
  An adder zombie (D:5)
  An adder skeleton (D:4)
  A worm (D:6)
  A dart slug (D:3)
  4 leopard geckos
  7 orcs
  4 ball pythons
  3 giant cockroaches
  3 goblins
  2 hobgoblins (D:3)
  10 jackals
  6 kobolds
  3 bats
  3 frilled lizards
  A jackal zombie (D:5)
  6 rats
83 creatures vanquished.

Vanquished Creatures (others)
  An adder zombie (D:7)
1 creature vanquished.

Grand Total: 84 creatures vanquished

Notes
Turn   | Place    | Note
-------+----------+-------------------------------------------
     0 | D:1      | inmateoo the Mummy Hunter began the quest for the Orb.
     0 | D:1      | Reached XP level 1. HP: 16/16 MP: 1/1
   529 | D:2      | Reached XP level 2. HP: 23/23 MP: 2/2
   687 | D:2      | Reached skill level 3 in Fighting
  1164 | D:2      | Reached XP level 3. HP: 27/29 MP: 3/3
  1708 | D:3      | Reached skill level 4 in Fighting
  2412 | D:4      | Found a white marble altar of Elyvilon.
  2412 | D:4      | Found an ancient bone altar of Kikubaaqudgha.
  2422 | D:4      | Noticed Natasha
  2624 | D:3      | Killed Natasha
  2624 | D:3      | Reached XP level 4. HP: 10/38 MP: 4/4
  2980 | D:4      | Reached skill level 5 in Fighting
  3079 | D:4      | Reached XP level 5. HP: 12/44 MP: 5/5
  3594 | D:4      | Found a sacrificial altar of Ru.
  3624 | D:4      | Noticed Duvessa
  3624 | D:4      | Noticed a slave
  3642 | D:4      | Noticed a slave
  3642 | D:4      | Noticed a slave
  3642 | D:4      | Noticed a slave
  3644 | D:4      | Noticed Pikel
  3646 | D:4      | Noticed Dowan
  3707 | D:4      | Found a stormy altar of Qazlal.
  3717 | D:4      | Noticed an ogre
  3800 | D:4      | Noticed an ogre
  3903 | D:4      | Noticed a phantom
  3938 | D:3      | Noticed Natasha
  3946 | D:3      | Killed Natasha
  3946 | D:3      | Reached skill level 6 in Fighting
  4328 | D:5      | Entered Level 5 of the Dungeon
  4454 | D:5      | Reached XP level 6. HP: 25/52 MP: 6/6
  4760 | D:5      | Reached skill level 1 in Axes
  4760 | D:5      | Reached skill level 1 in Evocations
  4816 | D:5      | Noticed Oddysee's ghost (novice MiFi)
  4819 | D:5      | Found a runed door.
  4953 | D:5      | Reached XP level 7. HP: 25/59 MP: 8/8
  6145 | D:5      | Reached skill level 7 in Fighting
  6145 | D:5      | Reached skill level 1 in Polearms
  6510 | D:6      | Found a glowing golden altar of the Shining One.
  6578 | D:6      | Identified the Guide on the Feathery Arsonist
  6635 | D:6      | Reached XP level 8. HP: 53/67 MP: 10/10
  6759 | D:6      | Found a shattered altar of Ashenzari.
  6900 | D:6      | Noticed Grinder
  6916 | D:6      | Killed Grinder
  7024 | D:6      | You fall through a shaft!
  7062 | D:7      | Reached skill level 5 in Polearms
  7183 | D:7      | Slain by an ogre

Skill      XL: |  1  2  3  4  5  6  7  8 |
---------------+-------------------------+-----
Fighting       | 3 4 5 6 7 |  7.1
Axes           | 1 2 |  2.0
Evocations     | 1 3 |  3.0
Polearms       | 3 5 |  5.3
Throwing       | |  3.2
Dodging        | |  1.5
Stealth        | |  0.7

Action                   |  1- 3 |  4- 6 |  7- 9 || total
-------------------------+-------+-------+-------++-------
Melee: Short sword       |    16 |       |     2 ||    18
       Staff             |   156 |    11 |    20 ||   187
       Hand axe          |    12 |   131 |    10 ||   153
       Trident           |       |       |    93 ||    93
Throw: Javelin           |       |    11 |    10 ||    21
       Throwing net      |       |     3 |     2 ||     5
Evoke: Wand              |       |       |     2 ||     2
  Use: Scroll            |     6 |     5 |     2 ||    13
Armor: Ring mail         |    28 |       |       ||    28
       Plate armour      |   113 |    87 |    65 ||   265
Dodge: Dodged            |    82 |    54 |    31 ||   167
